TOP OF THE 1ST |
Pawtucket Red Sox batting - Pitching for Toledo Mud Hens : RHP Wayne McAllister
|
Pitching: RHP Wayne McAllister
|
|
Batting: RHB Sal Rivera
|
0-0: Swinging Strike 0-1: Ball 1-1: Called Strike 1-2: Ball 2-2: Ball 3-2: SINGLE (Groundball, 56, EV 101.2 MPH) (infield hit)
|
Batting: RHB Rodolfo Contreras
|
0-0: Ball 1-0: Ball Sal Rivera steals 2nd base 2-0: Ball 3-0: Called Strike 3-1: Base on Balls
|
Batting: SHB Ben Ervin
|
0-0: Swinging Strike 0-1: Called Strike 0-2: Grounds into double play, 6-4-3 (Groundball, 6S, EV 90.6 MPH) Sal Rivera to third
|
Batting: RHB Carlos Nolasco
|
0-0: Ball 1-0: Ball 2-0: Ball 3-0: Called Strike 3-1: Base on Balls
|
Batting: RHB Ernie Genier
|
0-0: Called Strike 0-1: Swinging Strike 0-2: Ball 1-2: Strikes out looking
|
Top of the 1st over - 0 runs, 1 hit, 0 errors, 2 left on base; Pawtucket 0 - Toledo 0 |
BOTTOM OF THE 1ST |
Toledo Mud Hens batting - Pitching for Pawtucket Red Sox : RHP Andy Garvin
|
Pitching: RHP Andy Garvin
|
|
Batting: RHB Brandon O'Malley
|
0-0: Ball 1-0: Foul Ball, location: 2F 1-1: Ball 2-1: Swinging Strike 2-2: Foul Ball, location: 2F 2-2: Strikes out swinging
|
Batting: RHB J.J. Basil
|
0-0: Bunt for hit to P - play at first, batter safe!
|
Batting: LHB Jon Frederick
|
0-0: Ball 1-0: Foul Ball, location: 2F 1-1: Called Strike 1-2: Ball Wild Pitch! J.J. Basil to second 2-2: Foul Ball, location: 2F 2-2: 2-RUN HOME RUN (Flyball, 9D, EV 99.4 MPH), Distance : 358 ft
|
Batting: RHB Dan Becvar
|
0-0: Foul Ball, location: 2F 0-1: Ball 1-1: Ground out 6-3 (Groundball, 6, EV 104.4 MPH)
|
Batting: RHB Joel Miller
|
0-0: Foul Ball, location: 2F 0-1: Called Strike 0-2: Ball 1-2: Foul Ball, location: 2F 1-2: Foul Ball, location: 2F 1-2: Strikes out swinging
|
Bottom of the 1st over - 2 runs, 2 hits, 0 errors, 0 left on base; Pawtucket 0 - Toledo 2 |
TOP OF THE 2ND |
Pawtucket Red Sox batting - Pitching for Toledo Mud Hens : RHP Wayne McAllister
|
Batting: RHB Brandon Perris
|
0-0: Ball 1-0: Ground out 6-3 (Groundball, 6M, EV 102.5 MPH)
|
Batting: RHB Joe Sandoval
|
0-0: Foul Ball, location: 2F 0-1: Ball 1-1: Ball 2-1: Swinging Strike 2-2: Foul Ball, location: 2F 2-2: Ball 3-2: Hit by Pitch
|
Batting: RHB Neil Mautone
|
0-0: Ball 1-0: Ball 2-0: Ball 3-0: Called Strike 3-1: Foul Ball, location: 2F 3-2: Base on Balls Joe Sandoval to second
|
Batting: RHB Andy Garvin
|
0-0: Fielders Choice at 2nd, 4-6 (Groundball, 4, EV 79.4 MPH) Joe Sandoval to third
|
Batting: RHB Sal Rivera
|
0-0: Ball 1-0: Ball 2-0: Ball 3-0: Called Strike 3-1: Foul Ball, location: 2F 3-2: Strikes out looking
|
Top of the 2nd over - 0 runs, 0 hits, 0 errors, 2 left on base; Pawtucket 0 - Toledo 2 |
BOTTOM OF THE 2ND |
Toledo Mud Hens batting - Pitching for Pawtucket Red Sox : RHP Andy Garvin
|
Batting: RHB Keith Hoffman
|
0-0: Ball 1-0: Swinging Strike 1-1: Foul Ball, location: 2F 1-2: Strikes out swinging
|
Batting: RHB Aaron Cusick
|
0-0: Ball 1-0: Foul Ball, location: 2F 1-1: Ball 2-1: Foul Ball, location: 2F 2-2: SOLO HOME RUN (Line Drive, 7D, EV 95.6 MPH), Distance : 369 ft
|
Batting: SHB Scott Bartholomew
|
0-0: Ground out 6-3 (Groundball, 6, EV 105.0 MPH)
|
Batting: SHB Chris Wagler
|
0-0: Called Strike 0-1: Ball 1-1: Foul Ball, location: 2F 1-2: Ball 2-2: Foul Ball, location: 2F 2-2: DOUBLE (Line Drive, 89D, EV 100.6 MPH)
|
Batting: RHB Brandon O'Malley
|
0-0: Swinging Strike 0-1: Foul Ball, location: 2F 0-2: Strikes out swinging, 2-3 out at first.
|
Bottom of the 2nd over - 1 run, 2 hits, 0 errors, 1 left on base; Pawtucket 0 - Toledo 3 |
TOP OF THE 3RD |
Pawtucket Red Sox batting - Pitching for Toledo Mud Hens : RHP Wayne McAllister
|
Batting: RHB Rodolfo Contreras
|
0-0: Foul Ball, location: 2F 0-1: Ball 1-1: Swinging Strike 1-2: Strikes out swinging
|
Batting: SHB Ben Ervin
|
0-0: DOUBLE (Line Drive, 8RXD, EV 106.9 MPH)
|
Batting: RHB Carlos Nolasco
|
0-0: Ball 1-0: Ball 2-0: Ball 3-0: Base on Balls
|
Batting: RHB Ernie Genier
|
0-0: Ball 1-0: Called Strike 1-1: Foul Ball, location: 2F 1-2: Ball 2-2: Foul Ball, location: 2F 2-2: Ball 3-2: Foul Ball, location: 2F 3-2: Base on Balls Ben Ervin to third Carlos Nolasco to second
|
Batting: RHB Brandon Perris
|
0-0: Swinging Strike 0-1: Grounds into double play, 6-4-3 (Groundball, 6, EV 85.6 MPH)
|
Top of the 3rd over - 0 runs, 1 hit, 0 errors, 2 left on base; Pawtucket 0 - Toledo 3 |
BOTTOM OF THE 3RD |
Toledo Mud Hens batting - Pitching for Pawtucket Red Sox : RHP Andy Garvin
|
Batting: RHB J.J. Basil
|
0-0: Ball 1-0: Ground out 6-3 (Groundball, 6, EV 106.2 MPH)
|
Batting: LHB Jon Frederick
|
0-0: Called Strike 0-1: Called Strike 0-2: Foul Ball, location: 2F 0-2: Foul Ball, location: 2F 0-2: Strikes out swinging
|
Batting: RHB Dan Becvar
|
0-0: Ball 1-0: Called Strike 1-1: Ground out U3 (Groundball, 34, EV 76.2 MPH)
|
Bottom of the 3rd over - 0 runs, 0 hits, 0 errors, 0 left on base; Pawtucket 0 - Toledo 3 |
TOP OF THE 4TH |
Pawtucket Red Sox batting - Pitching for Toledo Mud Hens : RHP Wayne McAllister
|
Batting: RHB Joe Sandoval
|
0-0: Ball 1-0: Foul Ball, location: 2F 1-1: Foul Ball, location: 2F 1-2: SINGLE (Groundball, 56D, EV 103.8 MPH)
|
Batting: RHB Neil Mautone
|
0-0: Called Strike 0-1: Foul Ball, location: 2F 0-2: Ball 1-2: Ball 2-2: Strikes out swinging
|
Batting: RHB Andy Garvin
|
0-0: Called Strike 0-1: Called Strike 0-2: SINGLE (Groundball, 34S, EV 63.1 MPH) (infield hit) Joe Sandoval to second
|
Batting: RHB Sal Rivera
|
0-0: Ball 1-0: Foul Ball, location: 2F 1-1: Foul Ball, location: 2F 1-2: Strikes out swinging
|
Batting: RHB Rodolfo Contreras
|
0-0: Foul Ball, location: 2F 0-1: Fielders Choice at 2nd, 6-4 (Groundball, 6, EV 108.8 MPH)
|
Top of the 4th over - 0 runs, 2 hits, 0 errors, 2 left on base; Pawtucket 0 - Toledo 3 |
BOTTOM OF THE 4TH |
Toledo Mud Hens batting - Pitching for Pawtucket Red Sox : RHP Andy Garvin
|
Batting: RHB Joel Miller
|
0-0: Called Strike 0-1: Foul Ball, location: 2F 0-2: Ball 1-2: Strikes out swinging
|
Batting: RHB Keith Hoffman
|
0-0: Ground out 4-3 (Groundball, 4, EV 100.6 MPH)
|
Batting: RHB Aaron Cusick
|
0-0: Ball 1-0: Fly out, F8 (Flyball, 8LM, EV 77.5 MPH)
|
Bottom of the 4th over - 0 runs, 0 hits, 0 errors, 0 left on base; Pawtucket 0 - Toledo 3 |
TOP OF THE 5TH |
Pawtucket Red Sox batting - Pitching for Toledo Mud Hens : RHP Wayne McAllister
|
Batting: SHB Ben Ervin
|
0-0: SINGLE (Flyball, 3D, EV 93.8 MPH)
|
Batting: RHB Carlos Nolasco
|
0-0: Called Strike 0-1: Foul Ball, location: 2F 0-2: Fielders Choice at 2nd, 6-4 (Groundball, 6, EV 78.8 MPH)
|
Batting: RHB Ernie Genier
|
0-0: Ball 1-0: Grounds into double play, 5-4-3 (Groundball, 5, EV 81.9 MPH)
|
Top of the 5th over - 0 runs, 1 hit, 0 errors, 0 left on base; Pawtucket 0 - Toledo 3 |
BOTTOM OF THE 5TH |
Toledo Mud Hens batting - Pitching for Pawtucket Red Sox : RHP Andy Garvin
|
Batting: SHB Scott Bartholomew
|
0-0: Ball 1-0: Swinging Strike 1-1: Ball 2-1: Ground out 1-3 (Groundball, 34S, EV 72.5 MPH)
|
Batting: SHB Chris Wagler
|
0-0: Fly out, F9 (Flyball, 9LSF, EV 77.5 MPH)
|
Batting: RHB Brandon O'Malley
|
0-0: Swinging Strike 0-1: Swinging Strike 0-2: Strikes out swinging
|
Bottom of the 5th over - 0 runs, 0 hits, 0 errors, 0 left on base; Pawtucket 0 - Toledo 3 |
TOP OF THE 6TH |
Pawtucket Red Sox batting - Pitching for Toledo Mud Hens : RHP Wayne McAllister
|
Batting: RHB Brandon Perris
|
0-0: Called Strike 0-1: SINGLE (Line Drive, 7S, EV 98.1 MPH)
|
Batting: RHB Joe Sandoval
|
0-0: Called Strike 0-1: Ball 1-1: Ball 2-1: Called Strike 2-2: Ball 3-2: Strikes out swinging
|
Batting: RHB Neil Mautone
|
0-0: Ground out 5-3 (Groundball, 56S, EV 68.1 MPH) Brandon Perris to second
|
Batting: RHB Andy Garvin
|
0-0: SINGLE (Groundball, 56D, EV 93.8 MPH) Brandon Perris to third Runner from 3rd tries for Home, throw by LF and OUT! 7-2
|
Top of the 6th over - 0 runs, 2 hits, 0 errors, 1 left on base; Pawtucket 0 - Toledo 3 |
BOTTOM OF THE 6TH |
Toledo Mud Hens batting - Pitching for Pawtucket Red Sox : RHP Andy Garvin
|
Batting: RHB J.J. Basil
|
0-0: Called Strike 0-1: Ball 1-1: Ball 2-1: Ball 3-1: Foul Ball, location: 2F 3-2: Foul Ball, location: 2F 3-2: Foul Ball, location: 2F 3-2: Foul Ball, location: 2F 3-2: Base on Balls
|
Batting: LHB Jon Frederick
|
0-0: Foul Ball, location: 2F 0-1: Fielders Choice at 2nd, 4-6 (Groundball, 34, EV 83.1 MPH)
|
Batting: RHB Dan Becvar
|
0-0: Ball 1-0: Ball 2-0: SINGLE (Line Drive, 34, EV 99.4 MPH) Jon Frederick to second Runner from 2nd tries for 3rd, SAFE, throw by RF made to third
|
Batting: RHB Joel Miller
|
0-0: Foul Ball, location: 2F 0-1: Ball 1-1: Foul Ball, location: 2F 1-2: Ball 2-2: Ball 3-2: Grounds into double play, 4-6-3 (Groundball, 4, EV 85.6 MPH)
|
Bottom of the 6th over - 0 runs, 1 hit, 0 errors, 1 left on base; Pawtucket 0 - Toledo 3 |
TOP OF THE 7TH |
Pawtucket Red Sox batting - Pitching for Toledo Mud Hens : RHP Wayne McAllister
|
Batting: RHB Sal Rivera
|
0-0: Foul Ball, location: 2F 0-1: Foul Ball, location: 2F 0-2: Strikes out swinging
|
Batting: RHB Rodolfo Contreras
|
0-0: Ground out 2-3 (Groundball, 2L, EV 65.6 MPH)
|
Batting: SHB Ben Ervin
|
0-0: Foul Ball, location: 2F 0-1: Ball 1-1: Called Strike 1-2: Ball 2-2: Ball 3-2: Strikes out swinging
|
Top of the 7th over - 0 runs, 0 hits, 0 errors, 0 left on base; Pawtucket 0 - Toledo 3 |
BOTTOM OF THE 7TH |
Toledo Mud Hens batting - Pitching for Pawtucket Red Sox : RHP Andy Garvin
|
Batting: RHB Keith Hoffman
|
0-0: Ball 1-0: Ball 2-0: Fly out, F9 (Flyball, 89S, EV 81.2 MPH)
|
Batting: RHB Aaron Cusick
|
0-0: Ball 1-0: Ball 2-0: Ground out 6-3 (Groundball, 6, EV 81.2 MPH)
|
Batting: SHB Scott Bartholomew
|
0-0: DOUBLE (Flyball, 8LD, EV 105.0 MPH)
|
Batting: SHB Chris Wagler
|
0-0: Ball 1-0: Called Strike 1-1: Ground out 6-3 (Groundball, 6, EV 98.1 MPH)
|
Bottom of the 7th over - 0 runs, 1 hit, 0 errors, 1 left on base; Pawtucket 0 - Toledo 3 |
TOP OF THE 8TH |
Pawtucket Red Sox batting - Pitching for Toledo Mud Hens : RHP Wayne McAllister
|
Pitching: RHP Chris Kimura
|
|
Batting: RHB Carlos Nolasco
|
0-0: Ball 1-0: Ball 2-0: Ball 3-0: Base on Balls
|
Batting: RHB Ernie Genier
|
0-0: Grounds into double play, 4-6-3 (Groundball, P, EV 88.1 MPH)
|
Pinch Hitting: SHB Willie Koviak
|
0-0: Ground out 6-3 (Groundball, 6, EV 87.5 MPH)
|
Top of the 8th over - 0 runs, 0 hits, 0 errors, 0 left on base; Pawtucket 0 - Toledo 3 |
BOTTOM OF THE 8TH |
Toledo Mud Hens batting - Pitching for Pawtucket Red Sox : RHP Andy Garvin
|
Pitching: RHP Jon Mercado
|
|
Now at SS: Willie Koviak
|
|
Batting: RHB Brandon O'Malley
|
0-0: Called Strike 0-1: Ball 1-1: SINGLE (Groundball, 6S, EV 69.4 MPH) (infield hit)
|
Batting: RHB J.J. Basil
|
0-0: Ball Brandon O'Malley steals 2nd base 1-0: Swinging Strike 1-1: Foul Ball, location: 2F 1-2: Strikes out looking
|
Batting: LHB Jon Frederick
|
0-0: Ball 1-0: SINGLE (Line Drive, 34, EV 110.6 MPH) Brandon O'Malley to third
|
Batting: RHB Dan Becvar
|
0-0: Ball Jon Frederick steals 2nd base 1-0: Called Strike 1-1: Foul Ball, location: 2F 1-2: Strikes out swinging
|
Batting: RHB Joel Miller
|
0-0: Called Strike 0-1: Ball 1-1: Ball 2-1: Called Strike 2-2: Strikes out looking
|
Bottom of the 8th over - 0 runs, 2 hits, 0 errors, 2 left on base; Pawtucket 0 - Toledo 3 |
TOP OF THE 9TH |
Pawtucket Red Sox batting - Pitching for Toledo Mud Hens : RHP Chris Kimura
|
Batting: RHB Joe Sandoval
|
0-0: Called Strike 0-1: Foul Ball, location: 2F 0-2: Ball 1-2: DOUBLE (Flyball, 78D, EV 106.9 MPH)
|
Batting: RHB Neil Mautone
|
0-0: Ground out 1-3 (Groundball, 15S, EV 66.9 MPH)
|
Batting: LHB Julian Toney
|
0-0: Ball 1-0: Ball 2-0: Called Strike 2-1: Ball 3-1: Foul Ball, location: 2F 3-2: Foul Ball, location: 2F 3-2: Base on Balls
|
Batting: RHB Sal Rivera
|
0-0: Ball 1-0: Ball 2-0: Ball 3-0: Base on Balls Joe Sandoval to third Julian Toney to second
|
Batting: RHB Rodolfo Contreras
|
0-0: SINGLE (Groundball, 34D, EV 101.9 MPH) Joe Sandoval scores Julian Toney to third Sal Rivera to second
|
Batting: SHB Ben Ervin
|
0-0: Ball 1-0: Called Strike 1-1: Ball 2-1: Foul Ball, location: 2F 2-2: Foul Ball, location: 2F 2-2: Ball 3-2: Grounds into double play, 4-6-3 (Groundball, 4, EV 91.9 MPH)
|
Top of the 9th over - 1 run, 2 hits, 0 errors, 2 left on base; Pawtucket 1 - Toledo 3 |
|